AoeStats
← TheLastPalomin

Golden Pit

507599294Analyzed
1v1 RM · 13d ago on Sep 18, 2026· 85m 14s· 2 players
Game mode
Random Map
Map size
Tiny (2 player)
Population
200
Speed
Normal
Resources
Standard
Victory
Conquest
Starting age
Dark Age
Ending age
Imperial Age
RankedLock teamsTeams togetherTeam positionsShared explorationLock speedFull tech treeHidden civsTurbo modeCheats
Victory
Defeat
🇺🇸 Koreans · United States
951
+18
🇨🇱 Ethiopians · Chile
990
-18
Swiggity C-Dawg
7:31 Loom
10:07 Feudal Age
13:32 Town Watch
21:37 Castle Age
19:36 Double-Bit Axe
21:02 Fletching
22:28 Bow Saw
22:16 Bodkin Arrow
23:19 Wheelbarrow
22:47 Crossbowman
23:15 Horse Collar
24:59 Elite Skirmisher
29:14 Thumb Ring
31:34 Light Cavalry
32:38 Scale Barding Armor
35:57 Chain Barding Armor
42:36 Imperial Age
40:52 Forging
40:22 Elite Skirmisher
41:18 Eupseong
42:41 Hand Cart
45:05 Bracer
46:48 Masonry
47:01 Ballistics
47:40 Iron Casting
48:42 Arbalester
51:38 Chemistry
50:52 Hussar
52:17 Architecture
60:57 Two-Man Saw
60:34 Husbandry
61:20 Cavalier
62:34 Conscription
63:13 Siege Engineers
70:28 Heavy Plow
72:47 Treadmill Crane
72:58 Arrowslits
TheLastPalomin
11:33 Feudal Age
11:05 Loom
16:22 Castle Age
14:52 Double-Bit Axe
21:41 Fletching
25:13 Horse Collar
27:02 Elite Skirmisher
29:54 Wheelbarrow
34:00 Thumb Ring
35:53 Stone Mining
35:57 Gold Mining
39:15 Bodkin Arrow
39:21 Padded Archer Armor
42:41 Imperial Age
41:33 Bow Saw
41:26 Heavy Plow
42:04 Hand Cart
41:36 Town Watch
42:51 Leather Archer Armor
42:46 Forging
42:42 Scale Barding Armor
42:38 Scale Mail Armor
43:02 Ballistics
42:53 Masonry
42:38 Murder Holes
43:47 Town Patrol
45:37 Two-Man Saw
45:13 Conscription
45:02 Bracer
46:32 Stone Shaft Mining
46:33 Gold Shaft Mining
46:49 Chain Barding Armor
46:45 Squires
55:32 Ring Archer Armor
55:38 Iron Casting
56:31 Halberdier
62:28 Blast Furnace
64:35 Chain Mail Armor
65:37 Chemistry
65:08 Architecture
69:45 Plate Mail Armor
Connection lost

Rejoining the realm…

Still unreachable

The connection could not be restored.

Session expired

The server has moved on; the page needs a fresh start.